Map: Romanticide LE

Players

Maru - Winner!

  • Race: Terran Terran
  • League: Master

DPGZest (Zest)

  • Race: Protoss Protoss

VOD

Have the link to the VOD?

Description

Time

  • Played on: April 27, 2021, 5:35 a.m.
  • Length: 16:16
Show
View Real Time Build Order
Export as new Build Order

Maru Terran - Winner!

Build Orders:  

Get SALT Encoding   

  12  0:00  SCV  
  13  0:12  SCV  
  14  0:16  Supply Depot  
  14  0:24  SCV  
  15  0:38  SCV  
  15  0:39  Barracks  
  16  0:43  Refinery  
  16  0:50  SCV  
  17  1:02  SCV  
  18  1:14  SCV  
  19  1:26  Marine, Orbital Command  
  20  1:44  Barracks Reactor  
  20  1:47  Command Center  
  20  1:53  SCV  
  21  1:57  Supply Depot  
  21  2:05  SCV  
  22  2:10  Factory  
  22  2:17  SCV  
  22  2:19  Refinery  
  22  2:21  Marine  
  22  2:22  Marine  
  25  2:29  Bunker  
  25  2:32  SCV  
  26  2:39  Marine  
  26  2:40  Marine  
  28  2:44  SCV  
  29  2:56  Starport, SCV  
  32  2:58  Widow Mine  
  32  3:06  Orbital Command  
  32  3:11  Marine  
  33  3:15  SCV  
  36  3:20  Widow Mine  
  36  3:25  Marine  
  36  3:26  Supply Depot  
  37  3:29  Marine  
  37  3:31  SCV  
  37  3:32  Medivac  
  41  3:38  SCV  
  42  3:43  Marine, Widow Mine  
  42  3:46  Marine  
  46  3:48  SCV  
  46  3:52  SCV  
  46  3:53  Supply Depot  
  48  4:00  SCV  
  48  4:01  Marine  
  50  4:04  Marine, Starport Tech Lab, SCV  
  50  4:05  Factory Tech Lab  
  52  4:13  SCV  
  52  4:16  SCV  
  52  4:17  Supply Depot  
  54  4:18  Marine  
  54  4:22  Marine  
  54  4:24  Siege Tank, Raven  
  56  4:25  SCV  
  62  4:32  Supply Depot  
  64  4:38  SCV x2  
  64  4:46  Command Center  
  64  4:50  SCV x2  
  64  4:52  Barracks  
  64  5:00  Siege Tank  
  64  5:02  SCV x2  
  64  5:06  Marine  
  69  5:07  Marine  
  68  5:14  SCV x2  
  68  5:18  Barracks  
  68  5:21  Refinery  
  70  5:22  Refinery  
  70  5:26  SCV  
  70  5:27  SCV  
  70  5:29  Engineering Bay  
  70  5:32  Engineering Bay  
  68  5:39  Siege Tank, SCV x2  
  73  5:45  Marine x2, Stimpack  
  73  5:46  Marine  
  76  5:51  SCV  
  76  5:52  SCV  
  76  5:56  Starport Reactor  
  77  6:02  Terran Infantry Weapons Level 1, Terran Infantry Armor Level 1  
  77  6:03  Barracks x2  
  77  6:07  Orbital Command  
  77  6:09  SCV  
  77  6:10  SCV  
  79  6:12  Supply Depot  
  79  6:19  Marine x4, Combat Shield  
  79  6:21  Factory Reactor  
  83  6:26  SCV x2  
  83  6:27  Supply Depot x2  
  83  6:32  Medivac  
  87  6:36  Supply Depot x2  
  87  6:40  Medivac  
  87  6:44  Orbital Command  
  87  6:45  Marauder x2  
  93  6:48  Marine x2, Supply Depot  
  95  6:57  Barracks Tech Lab, Barracks Reactor  
  95  6:58  Widow Mine x2  
  99  7:03  SCV x2  
  99  7:06  Marine x2, Marauder x2  
  107  7:10  SCV  
  107  7:14  Medivac x2  
  107  7:15  SCV x2  
  114  7:18  Marauder  
  114  7:22  Supply Depot, SCV  
  117  7:24  Marine, Widow Mine x2  
  117  7:28  Marauder  
  124  7:32  SCV x2  
  124  7:34  Refinery  
  124  7:35  Refinery  
  126  7:42  Marine  
  126  7:43  Ghost Academy, Marauder x2  
  131  7:44  Concussive Shells  
  131  7:47  Supply Depot, SCV  
  131  7:48  Supply Depot  
  131  7:49  Marauder  
  131  7:51  SCV x2  
  136  7:56  Viking  
  136  7:57  Viking  
  140  7:59  SCV  
  141  8:07  Supply Depot  
  141  8:09  SCV x2  
  141  8:12  Armory  
  143  8:16  Ghost  
  143  8:17  Ghost  
  143  8:19  SCV  
  137  8:21  SCV  
  137  8:23  Ghost  
  136  8:30  Marine  
  136  8:31  Marine x3  
  136  8:32  SCV x2  
  136  8:33  SCV  
  143  8:34  Viking  
  145  8:44  SCV x2  
  145  8:45  SCV  
  147  8:50  Ghost x2  
  151  8:56  SCV x2  
  151  8:57  SCV  
  151  9:07  Enhanced Shockwaves  
  151  9:08  Marine  
  152  9:10  Supply Depot  
  152  9:16  Ghost  
  154  9:17  SCV x2  
  154  9:20  Supply Depot  
  152  9:29  Medivac  
  124  9:32  Medivac  
  124  9:34  Marine x2, Marauder x2  
  124  9:36  Widow Mine x2  
  124  9:38  SCV x2  
  126  9:46  Marine  
  126  9:47  Marauder  
  123  9:55  Command Center  
  123  9:57  Widow Mine  
  123  9:58  Widow Mine  
  127  10:02  Marine  
  127  10:03  Marine, Marauder  
  127  10:06  Medivac  
  124  10:10  Marine x2  
  124  10:11  Marauder  
  124  10:14  Terran Infantry Weapons Level 2  
  124  10:19  Terran Infantry Armor Level 2, Widow Mine x2  
  124  10:21  Marine, Marauder  
  124  10:25  Marauder, Medivac  
  131  10:32  Marine x2, Marauder  
  126  10:37  Marine  
  126  10:39  Marine  
  126  10:40  Widow Mine  
  126  10:42  Widow Mine  
  132  10:43  Marauder  
  132  10:45  Ghost  
  135  10:53  Ghost  
  135  10:54  Marine x2  
  139  11:01  Liberator, Barracks x2  
  139  11:02  Widow Mine, Barracks  
  146  11:04  Marauder  
  146  11:07  Marine  
  146  11:08  Marine  
  146  11:10  SCV x2  
  150  11:12  Marine  
  150  11:14  Marauder  
  150  11:17  Marine  
  154  11:22  Marine  
  150  11:26  Marauder, Medivac  
  150  11:28  Widow Mine x2  
  150  11:32  Marine x2  
  152  11:35  Ghost  
  152  11:37  SCV x2  
  152  11:38  Planetary Fortress  
  152  11:39  Ghost  
  153  11:45  Viking  
  156  11:56  Viking  
  156  11:58  Marauder, Barracks Tech Lab  
  156  11:59  Barracks Tech Lab, Barracks Reactor  
  160  12:04  Marauder, Widow Mine x2  
  162  12:13  Marauder  
  158  12:15  Medivac  
  158  12:20  Marauder  
  158  12:22  Marine  
  161  12:23  Marauder  
  161  12:25  Widow Mine x2  
  161  12:26  Viking  
  161  12:28  Marauder x2  
  170  12:34  Marauder  
  172  12:38  Marine x3  
  172  12:41  Marauder  
  169  12:44  Marauder  
  169  12:45  Viking, SCV x3  
  169  12:49  Terran Infantry Weapons Level 3, Marauder x2  
  178  12:55  Supply Depot  
  178  12:57  Supply Depot  
  176  13:10  Supply Depot x2  
  176  13:11  Supply Depot  
  176  13:12  Supply Depot  
  176  13:16  Ghost, SCV  
  176  13:17  Marauder  
  176  13:19  Widow Mine x2  
  156  13:28  Marine, Marauder x2  
  156  13:32  Ghost  
  156  13:33  Marine x2  
  148  13:38  Ghost  
  148  13:39  Marine  
  148  13:40  Marine x2, Widow Mine x2  
  149  13:46  Marauder, SCV  
  148  13:49  Marauder, Ghost  
  144  13:57  Marine  
  144  13:58  Marine x2  
  144  14:01  Marauder  
  143  14:03  Widow Mine x2  
  143  14:07  Marauder  
  147  14:12  Marine, Marauder x2  
  146  14:18  Liberator x2  
  146  14:19  Marine x5  
  157  14:24  Widow Mine  
  157  14:31  Marine x2  
  157  14:32  Marauder x2  
  157  14:34  Ghost x2  
  157  14:37  Marine x2  
  166  14:39  Marine x2  
  168  14:50  Marauder  
  168  14:52  Command Center  
  168  14:53  Marauder x2  
  168  14:59  Marine  
  154  15:00  Marine  
  154  15:04  Marauder x2  
  154  15:06  Widow Mine x2  
  163  15:09  SCV  
  163  15:10  SCV  
  163  15:13  Ghost  
  163  15:14  Marine x3  
  165  15:15  Marine, Marauder  
  169  15:26  Ghost  
  169  15:27  Marine x2, Marauder x2  
  177  15:32  Marine  
  177  15:36  Marine, Marauder  
  175  15:43  Marauder  
  175  15:48  Marauder  
  175  15:49  Marauder  
  170  15:58  Marine  
Show
View Real Time Build Order
Export as new Build Order

DPGZest Protoss 

Build Orders: 1 Gate Expand, Blink Stalkers 

Get SALT Encoding   

  12  0:00  Probe  
  13  0:12  Probe  
  14  0:17  Pylon  
  14  0:24  Probe (Chrono Boost)  
  15  0:36  Probe (Chrono Boost)  
  15  0:37  Gateway  
  16  0:44  Probe (Chrono Boost)  
  16  0:45  Assimilator  
  17  0:51  Probe  
  18  1:03  Probe  
  19  1:15  Probe  
  20  1:24  Cybernetics Core  
  20  1:31  Nexus  
  20  1:34  Probe  
  21  1:40  Pylon  
  21  1:46  Probe  
  22  1:49  Assimilator  
  22  1:57  Adept (Chrono Boost)  
  22  1:58  Probe  
  25  2:02  Warp Gate  
  25  2:11  Probe  
  26  2:23  Probe, Twilight Council  
  27  2:31  Stalker  
  27  2:35  Probe  
  30  2:40  Gateway  
  30  2:44  Probe  
  31  2:47  Probe  
  31  2:50  Blink (Chrono Boost)  
  32  2:56  Probe  
  33  2:59  Probe  
  34  3:08  Probe  
  34  3:11  Probe  
  36  3:18  Robotics Facility  
  36  3:20  Probe  
  36  3:23  Probe  
  38  3:32  Probe  
  39  3:35  Probe  
  39  3:36  Nexus  
  40  3:43  Pylon  
  40  3:50  Stalker x2  
  40  3:54  Probe x2  
  46  4:04  Warp Prism (Chrono Boost)  
  48  4:13  Stalker x2  
  48  4:16  Pylon  
  52  4:22  Probe x2, Pylon  
  54  4:37  Sentry x2  
  58  4:39  Probe x2  
  58  4:42  Gateway x2  
  60  4:50  Probe  
  60  4:51  Probe  
  61  4:54  Probe  
  62  5:00  Stalker x2  
  59  5:07  Probe x2 (Chrono Boost)  
  58  5:15  Probe (Chrono Boost)  
  58  5:19  Probe (Chrono Boost)  
  58  5:20  Probe (Chrono Boost)  
  60  5:25  Probe (Chrono Boost)  
  61  5:28  Probe (Chrono Boost)  
  61  5:30  Probe (Chrono Boost)  
  61  5:32  Probe (Chrono Boost)  
  64  5:35  Assimilator  
  64  5:39  Probe (Chrono Boost)  
  64  5:40  Assimilator  
  66  5:43  Probe x2 (Chrono Boost)  
  66  5:45  Templar Archives  
  68  5:51  Probe (Chrono Boost)  
  68  5:52  Probe (Chrono Boost)  
  68  5:53  Probe (Chrono Boost)  
  70  5:57  Probe (Chrono Boost)  
  70  5:58  Assimilator  
  70  6:00  Assimilator, Pylon  
  70  6:03  Probe x2 (Chrono Boost)  
  73  6:10  Probe (Chrono Boost)  
  74  6:14  Probe (Chrono Boost)  
  74  6:16  Probe x2 (Chrono Boost)  
  74  6:17  Psionic Storm  
  77  6:19  Gateway, Probe (Chrono Boost)  
  77  6:20  Gateway  
  77  6:24  Probe, Forge  
  77  6:25  Probe  
  80  6:29  Probe  
  81  6:36  Probe  
  81  6:37  Probe  
  83  6:40  Gateway  
  83  6:41  High Templar x2  
  83  6:42  Gateway, Probe  
  88  6:49  Gateway  
  88  6:51  Gateway  
  88  6:52  Pylon  
  88  6:54  Charge  
  88  6:57  Protoss Ground Weapons Level 1 (Chrono Boost)  
  88  6:58  Pylon  
  88  7:01  Probe x2  
  89  7:03  Probe  
  91  7:10  High Templar x2  
  91  7:12  Pylon  
  95  7:23  Pylon  
  95  7:25  Nexus  
  95  7:28  Probe x3  
  95  7:29  Pylon  
  98  7:32  High Templar x2  
  98  7:35  Observer  
  103  7:37  Stalker  
  103  7:38  Zealot x2, Stalker  
  111  7:52  Probe x2, Pylon  
  111  7:53  Probe  
  114  8:05  Probe  
  114  8:06  Probe x2  
  114  8:07  High Templar x2  
  114  8:12  Pylon  
  119  8:26  Zealot x6, Stalker x2  
  113  8:45  Archon  
  113  8:47  Protoss Ground Weapons Level 2 (Chrono Boost)  
  111  8:51  Zealot  
  111  8:52  Zealot x9  
  129  9:06  Immortal (Chrono Boost)  
  133  9:14  Gateway, Zealot x3  
  133  9:15  Zealot x7  
  151  9:18  Gateway, Archon  
  151  9:20  Gateway  
  151  9:21  Gateway  
  149  9:26  Archon  
  109  9:35  Zealot x10  
  109  9:36  Observer  
  89  9:53  Observer (Chrono Boost)  
  89  9:56  Stalker x10  
  96  10:09  Immortal (Chrono Boost)  
  96  10:10  Zealot  
  101  10:23  Zealot x3, Stalker x5  
  117  10:29  Observer  
  117  10:32  Zealot x6  
  123  10:41  Probe  
  122  10:46  Sentry  
  122  10:47  Sentry x2  
  126  10:52  High Templar x6  
  142  10:57  Warp Prism  
  142  11:02  Zealot x2  
  142  11:03  Forge  
  144  11:10  Photon Cannon  
  142  11:22  Observer  
  142  11:23  Zealot x6  
  136  11:26  Archon  
  136  11:28  Zealot x6  
  134  11:36  Protoss Ground Weapons Level 3 (Chrono Boost)  
  134  11:38  Archon  
  134  11:41  Stalker x2  
  134  11:46  Stalker x3  
  134  11:47  Stalker x2  
  146  11:51  Pylon  
  146  11:53  Pylon  
  143  11:59  Stalker x3  
  143  12:00  Observer  
  148  12:15  Zealot x9  
  148  12:16  Zealot  
  164  12:27  Archon  
  164  12:39  Pylon  
  164  12:42  Observer, Pylon  
  155  12:45  Zealot x4  
  159  12:52  Zealot x3  
  159  12:56  Protoss Ground Armor Level 1  
  161  13:02  Zealot x2  
  161  13:03  Zealot x5, Observer (Chrono Boost)  
  174  13:07  Pylon  
  174  13:08  Zealot  
  174  13:09  Zealot x2  
  180  13:17  Zealot x3  
  154  13:26  Zealot x8  
  110  13:36  Stalker x3  
  104  13:43  Stalker x3  
  104  13:47  Stalker  
  104  13:48  Stalker x6  
  120  13:53  Zealot  
  109  14:04  Observer (Chrono Boost)  
  109  14:06  High Templar x6  
  118  14:11  High Templar x5  
  118  14:12  Archon x3  
  125  14:17  Warp Prism (Chrono Boost), Archon  
  125  14:21  Observer  
  125  14:23  Assimilator, Sentry  
  129  14:26  Assimilator  
  129  14:28  Zealot x2  
  129  14:43  Observer  
  128  14:48  Zealot x14  
  156  14:56  Archon  
  152  15:04  Observer  
  149  15:09  Zealot x6, High Templar x5  
  171  15:21  High Templar x2  
  175  15:27  Stalker  
  177  15:30  Pylon  
  177  15:31  Photon Cannon, Pylon  
  177  15:33  Pylon  
  175  15:49  Archon  
  165  15:54  Archon x2  
  165  15:57  Zealot x12  
Tags
 
Add a new tag
Caveats
  • Supply blocks, unpowered buildings, or Contaminate may cause inaccurate times.
  • Supply counts are checked every 10 seconds.